 Dungeon Crawl Stone Soup version 0.30.0-5-g1a98f26d00 (webtiles) character file.

Game seed: 12591882977665345893

130 Implojin the Sneak (level 4, -16/29 HPs)
             Began as a Vampire Hedge Wizard on May 9, 2023.
             Was an Initiate of Hepliaklqana.
             Demolished by an ogre
             ... wielding a +0 giant club
              (25 damage)
             ... on level 4 of the Dungeon.
             The game lasted 00:10:34 (5643 turns).

Implojin the Sneak (Vampire Hedge Wizard)           Turns: 5643, Time: 00:10:35

Health: -16/29     AC:  6    Str:  9    XL:     4   Next: 89%
Magic:  8/8        EV: 10    Int: 16    God:    Hepliaklqana [......]
Gold:   176        SH:  0    Dex: 15    Spells: 5/9 levels left

rFire   . . .        j - +2 dagger (venom)
rCold   . . .        (no shield)
rNeg    + . .        r - +1 ring mail {rN+}
rPois   .            c - +0 hat
rElec   .            (no cloak)
rCorr   .            (no gloves)
SInv    +            (no boots)
Will    .....        (no amulet)
Stlth   ++           (no ring)
HPRegen 0.44/turn    (no ring)
MPRegen 0.11/turn

%: no passive effects
@: healing quickly
A: alive, fangs 3, see invisible, vampiric 2, [frail 1]
a: Exsanguinate, Renounce Religion


You were on level 4 of the Dungeon.
You worshipped Hepliaklqana.
Hepliaklqana was noncommittal.
You visited 2 branches of the dungeon, and saw 6 of its levels.

You collected 176 gold pieces.

Inventory:

Hand Weapons
 a - a +0 dagger
 j - a +2 dagger of venom (weapon)
 l - a +1 war axe of electrocution
 m - a +1 short sword
Missiles
 e - 43 stones (quivered)
 f - 3 boomerangs
 p - 2 poisoned darts
Armour
 c - a +0 hat (worn)
 r - a +1 ring mail of positive energy (worn)
Wands
 i - a wand of roots (2)
Scrolls
 b - 2 scrolls of fog
 k - 2 scrolls of blinking {unknown}
 s - a scroll of vulnerability {unknown}
 u - a scroll of immolation {unknown}
 w - a scroll of amnesia {unknown}
 x - a scroll of enchant armour {unknown}
Potions
 d - a potion of magic
 g - a potion of ambrosia
 h - a potion of invisibility {unknown}
 o - a potion of curing
 t - a potion of flight {unknown}
 v - a potion of mutation {unknown}


   Skills:
 - Level 2.0 Fighting
 * Level 2.6 Short Blades
 - Level 2.4 Dodging
 - Level 3.5 Stealth
 - Level 3.2 Spellcasting
 - Level 1.1 Conjurations
 - Level 1.3 Summonings
 - Level 1.2 Translocations


You had 5 spell levels left.
You knew the following spells:

 Your Spells              Type           Power      Damage    Failure   Level
a - Magic Dart            Conj           24%        1d4       32%         1
b - Slow                  Hex            8%         N/A       45%         1
c - Call Imp              Summ           12%        N/A       41%         2

Your spell library contained the following spells:

 Spells                   Type           Power      Damage    Failure   Level
 Blink                    Tloc           12%        N/A       43%         2
 Searing Ray              Conj           12%        2d4       43%         2
 Cigotuvi's Dreadful Rot  Necr/Pois/Air  4%         N/A       61%         2
 Mephitic Cloud           Conj/Pois/Air  3%         N/A       78%         3
 Fulminant Prism          Conj/Hex       2%         3d5       99%         4
 Olgreb's Toxic Radiance  Pois           2%         N/A       99%         4
 Discord                  Hex            1%         N/A       100%        8
 Ignition                 Fire           1%         3d3       100%        8


Dungeon Overview and Level Annotations

Branches:
Dungeon (5/15)             Temple (1/1) D:4

Altars:
Cheibriados
Fedhas
Hepliaklqana
Kikubaaqudgha
Makhleb
Nemelex Xobeh
Qazlal
Ru
Sif Muna
Uskayaw
Vehumet
Yredelemnul

Shops:
D:2 =   D:5 =

Annotations:
D:4 Edmund
D:5 1 runed translucent door, exclusion: door, liarliar's ghost, novice DrCj


Innate Abilities, Weirdness & Mutations

Your natural rate of healing is accelerated.
You have razor-sharp teeth.
You have supernaturally acute eyesight. (SInv)
You are afflicted with vampirism and can become a bat while bloodless.
[You are frail. (-10% HP)]


Message History

You kneel at the altar of Hepliaklqana.
Hepliaklqana welcomes you!
There is an open door here.
There is a staircase back to the Dungeon here.
You climb upwards.
Welcome back to the Dungeon!
Level annotation: Edmund
There is a staircase to the Ecumenical Temple here.
Unknown command.
k - 2 scrolls labelled DOGREDISCHINLO A goblin comes into view.
It is wielding a +0 dagger.
The goblin shouts!
The ogre shouts!
Found 15 gold pieces.
A jelly comes into view.
The ogre hits you with a +0 giant club!!
Ouch! That really hurt!
The goblin hits you with a +0 dagger.
The jelly moves out of view.
Danger: Low HP Warning |T3| Reason: 24% HP (7/29)
Okay, then.
Okay, then.
Okay, then.
Aiming: Fastroot
Press: ? - help, Shift-Dir - straight line, f - goblin
Aim: a goblin, wielding a +0 dagger The roots erupt in riotous growth!
Roots grab the goblin.
Roots grab the ogre.
The grasping roots constrict the goblin!
You kill the goblin!
The grasping roots constrict the ogre!
Danger: Low HP Warning |T2| Reason: 27% HP (8/29)
The grasping roots constrict the ogre!
The roots release their grip on the ogre.
Danger: Low HP Warning |T2| Reason: 27% HP (8/29)
Aiming: Fastroot
Press: ? - help, Shift-Dir - straight line The roots erupt in riotous growth!
Roots grab the ogre.
The grasping roots constrict the ogre.
The ogre hits you with a +0 giant club!!
Ouch! That really hurt!
You die...

##....# .... ..
####.####... ....
#...#..# .. ....
#######.#.# ##.. ....
#.........# .....
....
#..♣.♣..######.....
....
#...>.......[......
#..♣.♣.............
#.........@O)......
#.#.........?......
##.#..............J.
#...................
#..##................
#. #########........
. #.....$.. #........
#........


You could see an ogre (rooted) and a jelly.

Vanquished Creatures
  Ijyb (D:3)
  A gnoll (D:3)
  An adder (D:4)
  2 worms
  3 dart slugs
  3 orcs (D:3)
  7 endoplasms
  A giant cockroach (D:3)
  2 goblins
  4 hobgoblins
  5 jackals
  7 kobolds
  7 quokkas
  7 ball pythons
  3 bats
  2 frilled lizards
  13 rats
69 creatures vanquished.

Notes
Turn   | Place    | Note
-------+----------+-------------------------------------------
     0 | D:1      | Implojin the Vampire Hedge Wizard began the quest for the
                  | Orb.
     0 | D:1      | Reached XP level 1. HP: 13/13 MP: 4/4
     2 | D:1      | Learned a level 1 spell: Slow
   297 | D:1      | Danger: Low HP Warning |T2| Reason: 53% HP (7/13)
   298 | D:1      | Danger: Low HP Warning |T3| Reason: 23% HP (3/13)
   463 | D:1      | Reached skill level 1 in Translocations
   483 | D:1      | Reached XP level 2. HP: 17/19 MP: 1/6
   495 | D:1      | Danger: Low HP Warning |T2| Reason: 57% HP (11/19)
   638 | D:1      | Reached skill level 1 in Conjurations
  1221 | D:1      | Learned a level 2 spell: Call Imp
  1607 | D:1      | Found a faded altar of an unknown god.
  1717 | D:2      | Danger: Low HP Warning |T2| Reason: 36% HP (7/19)
  1719 | D:2      | Danger: Low HP Warning |T2| Reason: 26% HP (5/19)
  1864 | D:2      | Gained mutation: You are afflicted with vampirism and can
                  | become a bat while bloodless. [Vampire growth]
  1864 | D:2      | Reached XP level 3. HP: 19/24 MP: 3/7
  2023 | D:2      | :oops
  2023 | D:2      | :skills
  2386 | D:2      | Reached skill level 1 in Short Blades
  2475 | D:2      | Danger: Low HP Warning |T2| Reason: 54% HP (13/24)
  3064 | D:2      | Found Tecucrec's Jewellery Shop.
  3485 | D:3      | Danger: orc |T2| Reason: Electrocution weapon and no rElec!
  3488 | D:3      | Danger: orc |T2| Reason: Electrocution weapon and no rElec!
  3715 | D:3      | Danger: kobold |T2| Reason: Quivering poison darts and no
                  | rPois, careful!
  3784 | D:3      | Reached XP level 4. HP: 31/31 MP: 8/8
  3805 | D:3      | Noticed Ijyb
  3806 | D:3      | Danger: Ijyb |T2| Reason: Unique monster, careful!
  3806 | D:3      | Danger: Ijyb |T2| Reason: carrying a wand of roots (5),
                  | careful!
  3924 | D:3      | Danger: Ijyb |T2| Reason: Unique monster, careful!
  3924 | D:3      | Danger: Ijyb |T2| Reason: carrying a wand of roots (5),
                  | careful!
  4058 | D:3      | Reached skill level 1 in Fighting
  4089 | D:4      | You fall into a shaft and drop 1 floor!
  4089 | D:4      | Danger: Shafted! |T3| Reason: Shafted!
  4089 | D:5      | Entered Level 5 of the Dungeon
  4162 | D:4      | Noticed Edmund
  4162 | D:4      | Noticed an ogre
  4163 | D:4      | Danger: Edmund |T2| Reason: Unique monster, careful!
  4184 | D:5      | Noticed an ogre
  4185 | D:5      | Found Xyilaal's Jewellery Shoppe.
  4246 | D:5      | Danger: Low HP Warning |T2| Reason: 53% HP (17/32)
  4247 | D:5      | Danger: Low HP Warning |T2| Reason: 53% HP (17/32)
  4248 | D:5      | Danger: Low HP Warning |T2| Reason: 53% HP (17/32)
  4249 | D:5      | Danger: Low HP Warning |T2| Reason: 53% HP (17/32)
  4313 | D:5      | Found a runed translucent door.
  4314 | D:5      | Noticed liarliar's ghost (novice DrCj)
  4363 | D:4      | Danger: Low HP Warning |T2| Reason: 53% HP (17/32)
  4365 | D:5      | Danger: Low HP Warning |T2| Reason: 40% HP (13/32)
  4366 | D:5      | Danger: Low HP Warning |T2| Reason: 43% HP (14/32)
  4367 | D:5      | Danger: Low HP Warning |T2| Reason: 43% HP (14/32)
  4368 | D:5      | Danger: Low HP Warning |T2| Reason: 37% HP (12/32)
  4369 | D:5      | Danger: Low HP Warning |T2| Reason: 40% HP (13/32)
  4370 | D:5      | Danger: Low HP Warning |T2| Reason: 40% HP (13/32)
  4371 | D:5      | Danger: Low HP Warning |T2| Reason: 43% HP (14/32)
  4372 | D:5      | Danger: Low HP Warning |T2| Reason: 31% HP (10/32)
  4373 | D:5      | Danger: Low HP Warning |T2| Reason: 31% HP (10/32)
  4374 | D:5      | Danger: Low HP Warning |T2| Reason: 34% HP (11/32)
  4429 | D:4      | Danger: Low HP Warning |T3| Reason: 21% HP (7/32)
  4430 | D:4      | Danger: Low HP Warning |T3| Reason: 12% HP (4/32)
  4431 | D:4      | Danger: Low HP Warning |T3| Reason: 12% HP (4/32)
  4432 | D:4      | Danger: Low HP Warning |T2| Reason: 34% HP (11/32)
  4433 | D:4      | Danger: Low HP Warning |T2| Reason: 34% HP (11/32)
  4434 | D:4      | Danger: Low HP Warning |T2| Reason: 37% HP (12/32)
  4435 | D:4      | Danger: Low HP Warning |T2| Reason: 37% HP (12/32)
  4436 | D:4      | Danger: Low HP Warning |T2| Reason: 40% HP (13/32)
  4641 | D:3      | Danger: Ijyb |T2| Reason: Unique monster, careful!
  4641 | D:3      | Danger: Ijyb |T2| Reason: carrying a wand of roots (5),
                  | careful!
  4653 | D:3      | Danger: Ijyb |T2| Reason: Unique monster, careful!
  4653 | D:3      | Danger: Ijyb |T2| Reason: carrying a wand of roots (4),
                  | careful!
  4665 | D:3      | Killed Ijyb
  5215 | D:4      | Found a staircase to the Ecumenical Temple.
  5221 | Temple   | Entered the Ecumenical Temple
  5603 | Temple   | Became a worshipper of Hepliaklqana the Forgotten
  5641 | D:4      | Danger: Low HP Warning |T3| Reason: 24% HP (7/29)
  5642 | D:4      | Danger: Low HP Warning |T2| Reason: 27% HP (8/29)
  5643 | D:4      | Danger: Low HP Warning |T2| Reason: 27% HP (8/29)
  5643 | D:4      | Demolished by an ogre

Illustrated notes

.....### ........ .
.###.### .. .# #.# ...
.###.########...
..†........... ####
....###############....#
....#..........#....#
...##.########..@...#
###.#.# #$#....# ..#...#
#.#....# #.#####
#.#....... . #.#....###
.# ..#....# #.#....#
..#....#


Turn 2023 on D:2: :oops

Levels and vault maps discovered:
D:1:      zaba_arrival_water, layout_basic,
          shapermc_ecumenical_altar_mp_vishouse, chequers_big_river
D:2:      layout_basic, serial_co_window_serial, co_window_of_opportunity_a,
          co_window_paths_b, co_window_paths_a, co_window_corner_a,
          co_window_paths_a, co_window_paths_c, co_window_of_opportunity_c,
          co_window_corner_ca, co_window_4corner_b, co_window_paths_e,
          glass_columns_b, glass_columns_a, glass_columns_a, glass_columns_b,
          serial_shops, shop, kennysheep_pointless_box, minmay_rat_gold_closets
D:3:      layout_loops_corners, dk_noncrumbling_4, uniq_ijyb
D:4:      layout_rooms, minmay_temple_entry_trees, uniq_edmund
D:5:      layout_basic, gammafunk_ghost_grave, kennysheep_windowed_goal
Temple:   minmay_temple_curvy_branch

Skill      XL: |  1  2  3  4 |
---------------+-------------+-----
Translocations | 1 |  1.2
Conjurations   | 1 |  1.1
Short Blades   | 2 |  2.6
Fighting       | 2 |  2.0
Dodging        | |  2.4
Stealth        | |  3.5
Spellcasting   | |  3.2
Summonings     | |  1.3

Action                     |  1- 3 |  4- 6 || total
---------------------------+-------+-------++-------
  Melee: Dagger            |   171 |    42 ||   213
         Bite              |    20 |     8 ||    28
         Punch             |     3 |       ||     3
         Short sword       |       |    23 ||    23
  Throw: Boomerang         |     4 |       ||     4
         Throwing net      |     1 |       ||     1
         Stone             |       |     4 ||     4
   Cast: Magic Dart        |    55 |       ||    55
Ability: Exsanguinate      |       |     1 ||     1
         Revivify          |       |     1 ||     1
  Evoke: Wand              |       |     2 ||     2
    Use: Scroll            |     5 |     6 ||    11
         Potion            |       |     5 ||     5
   Stab: Sleeping          |     6 |       ||     6
 Armour: Robe              |     9 |       ||     9
         Ring mail         |    36 |    25 ||    61
  Dodge: Dodged            |    70 |    47 ||   117
